 Dungeon Crawl Stone Soup version 0.31-a0-1074-g0b22e4e0f1 (webtiles) character file.

Game seed: 10887971791154475636

1270 horus123 the Trooper (level 8, -2/73 HPs)
             Began as a Demigod Earth Elementalist on Dec 2, 2023.
             Slain by Duvessa
             ... wielding a +0 rapier
              (11 damage)
             ... on level 5 of the Dungeon.
             The game lasted 00:07:31 (4304 turns).

horus123 the Trooper (Demigod Earth Elementalist)   Turns: 4304, Time: 00:07:31

Health: -2/73      AC: 12    Str: 13    XL:     8   Next: 7%
Magic:  5/15       EV: 10    Int: 21    God:
Gold:   559        SH:  0    Dex: 14    Spells: 9/13 levels left

rFire   . . .        n - +0 dire flail
rCold   + . .        (shield currently unavailable)
rNeg    . . .        o - +4 ring mail {rC+}
rPois   .            f - +2 helmet
rElec   .            c - scarf {shadows}
rCorr   .            (no gloves)
SInv    .            (no boots)
Will    +....        p - amulet of regeneration
Stlth   +            (no ring)
HPRegen 1.12/turn    (no ring)
MPRegen 0.14/turn

%: no passive effects
@: enlightened, flying, invisible
A: high MP 1, forlorn, divine attributes
a: no special abilities


You were on level 5 of the Dungeon.
You visited 1 branch of the dungeon, and saw 5 of its levels.

You collected 559 gold pieces.

Inventory:

Hand Weapons
 n - a +0 dire flail (weapon)
Armour
 a - a +0 robe
 c - a scarf of shadows (worn)
 f - a +2 helmet (worn)
 o - a +4 ring mail of cold resistance (worn)
Jewellery
 p - an amulet of regeneration (around neck)
Wands
 m - a wand of flame (20)
 u - a wand of charming (8)
Scrolls
 d - a scroll of noise
 g - a scroll of blinking
 j - a scroll of fog
 l - 2 scrolls of fear
 r - a scroll of immolation
 s - a scroll of silence {unknown}
Potions
 b - a potion of magic
 h - 3 potions of haste
 i - 2 potions of invisibility
 k - a potion of enlightenment
 q - a potion of curing {unknown}


   Skills:
 - Level 7.0 Fighting
 + Level 2.5 Maces & Flails
 - Level 1.7 Dodging
 - Level 1.7 Stealth
 - Level 3.0 Spellcasting
 - Level 0.8 Transmutations
 - Level 5.0 Earth Magic


You had 9 spell levels left.
You knew the following spells:

 Your Spells              Type           Power      Damage    Failure   Level
a - Sandblast             Erth           48%        2d12      3%          1
b - Stone Arrow           Conj/Erth      26%        3d8       30%         3

Your spell library contained the following spells:

 Spells                   Type           Power      Damage    Failure   Level
 Passwall                 Tmut/Erth      12%        N/A       13%         2
 Petrify                  Tmut/Erth      15%        N/A       65%         4
 Brom's Barrelling Bould  Conj/Erth      13%        2d4       71%         4


Dungeon Overview and Level Annotations

Branches:
Dungeon (5/15)
 Temple: D:4-7

Shops:
D:3 ((?

Annotations:
D:4 1 transporter, tinescath's ghost, novice DEHW
D:5 Duvessa


Innate Abilities, Weirdness & Mutations

You have an increased reservoir of magic. (+10% MP)
You shall have no god before yourself.
Your divine heritage dramatically boosts your attributes as you level up.


Message History

Duvessa hits you with a +0 rapier. Duvessa hits you with a +0 rapier!
Aiming: Sandblast (safe; 3% risk of failure)
Press: ? - help, Q - select action, (/) - cycle Shift-Dir - straight line, f/p - Duvessa
Aim: Duvessa, wielding a +0 rapier and wearing a +0 scale mail (heavily wounded, berserk, 87% to hit)
The blast of sand hits Duvessa.
Duvessa is heavily wounded.
Duvessa closely misses you. Duvessa hits you with a +0 rapier!
Aiming: Sandblast (safe; 3% risk of failure)
Press: ? - help, Q - select action, (/) - cycle Shift-Dir - straight line, f/p - Duvessa
Aim: Duvessa, wielding a +0 rapier and wearing a +0 scale mail (heavily wounded, berserk, 87% to hit)
The blast of sand hits Duvessa but does no damage.
Duvessa is heavily wounded.
Duvessa hits you with a +0 rapier. x2; Duvessa hits you with a +0 rapier!
* * * LOW HITPOINT WARNING * * *
Unknown command.
You puncture Duvessa!
Duvessa is severely wounded.
Duvessa hits you but does no damage.
You hit Duvessa.
Duvessa is severely wounded.
Duvessa hits you with a +0 rapier.
* * * LOW HITPOINT WARNING * * *
Duvessa barely misses you.
You completely miss Duvessa.
Duvessa is severely wounded.
Duvessa hits you but does no damage. Duvessa hits you with a +0 rapier!
* * * LOW HITPOINT WARNING * * *
You hit Duvessa but do no damage.
Duvessa is severely wounded.
Duvessa hits you with a +0 rapier.
* * * LOW HITPOINT WARNING * * *
Duvessa hits you with a +0 rapier.
* * * LOW HITPOINT WARNING * * *
It was a potion of invisibility.
You fade into invisibility!
Duvessa hits you but does no damage.
It was a potion of enlightenment.
You feel very buoyant.
You fly up into the air.
Duvessa hits you with a +0 rapier!
You die...

..# #.# # #)# #.
..# #.# #.# ...
#e# #.###@#
#.....# #####
#####
###.######...###
#.... # #.#
#.......###....
#.###.#
#..#.#..##.....
#.....#
#.#.#.#.##†.#..
####..#
#..#.#..'....##
#..#
##.....###..#..
#..######...##
#.....


You could see Duvessa (berserk, unable to see you).

Vanquished Creatures
  Prince Ribbit (D:5)
  Sigmund (D:5)
  An ice beast (D:5)
  A black bear (D:4)
  A phantom (D:5)
  3 scorpions (D:5)
  Dowan (D:5)
  An orc priest (D:5)
  4 hounds
  A sleepcap (D:5)
  An iguana (D:4)
  Ijyb (D:3)
  A gnoll (D:5)
  13 adders
  3 worms
  3 dart slugs
  4 orcs
  10 ball pythons
  8 endoplasms
  4 giant cockroaches
  6 hobgoblins
  4 jackals (D:1)
  8 kobolds
  5 quokkas
  8 bats
  3 frilled lizards
  8 goblins
  4 rats
109 creatures vanquished.

Notes
Turn   | Place    | Note
-------+----------+-------------------------------------------
     0 | D:1      | horus123 the Demigod Earth Elementalist began the quest for
                  | the Orb.
     0 | D:1      | Reached XP level 1. HP: 14/14 MP: 5/5
   182 | D:1      | Reached XP level 2. HP: 13/20 MP: 0/8
  1043 | D:1      | Reached XP level 3. HP: 26/26 MP: 8/10
  1614 | D:2      | Learned a level 3 spell: Stone Arrow
  1715 | D:2      | Reached XP level 4. HP: 33/33 MP: 8/11
  2465 | D:3      | Found Qoemefuo's Antique Weapon Shop.
  2536 | D:3      | Reached XP level 5. HP: 37/38 MP: 7/12
  2588 | D:3      | Found Wahokk's Magic Scroll Boutique.
  2636 | D:3      | Found Tumunix's Antique Weapon Emporium.
  2837 | D:3      | Noticed Ijyb
  2846 | D:3      | Killed Ijyb
  2847 | D:3      | Reached skill level 5 in Earth Magic
  3294 | D:4      | Reached skill level 1 in Fighting
  3303 | D:4      | Noticed tinescath's ghost (novice DEHW)
  3384 | D:4      | Noticed a black bear
  3387 | D:4      | Killed a black bear
  3388 | D:4      | Reached skill level 2 in Fighting
  3451 | D:4      | Noticed an ogre
  3452 | D:4      | Found a transporter.
  3489 | D:4      | Reached XP level 6. HP: 42/50 MP: 9/13
  3648 | D:5      | Entered Level 5 of the Dungeon
  3686 | D:5      | Reached skill level 3 in Fighting
  3749 | D:5      | Noticed Sigmund
  3753 | D:5      | Killed Sigmund
  3754 | D:5      | Reached skill level 4 in Fighting
  3811 | D:5      | Reached XP level 7. HP: 59/60 MP: 11/14
  3818 | D:5      | Reached skill level 5 in Fighting
  3866 | D:5      | Reached skill level 6 in Fighting
  3923 | D:5      | Noticed Prince Ribbit
  3937 | D:5      | Killed Prince Ribbit
  3939 | D:5      | Reached skill level 7 in Fighting
  4014 | D:5      | Reached skill level 1 in Maces & Flails
  4095 | D:5      | Reached XP level 8. HP: 59/73 MP: 3/15
  4284 | D:5      | Noticed Duvessa
  4284 | D:5      | Noticed Dowan
  4293 | D:5      | Killed Dowan
  4304 | D:5      | Slain by Duvessa

Illustrated notes

Levels and vault maps discovered:
D:1:      kennysheep_arrival_seaside, layout_loops_cross,
          shapermc_ecumenical_altar_hornbeckon, serial_forest,
          infiniplex_forest_straight_5, infiniplex_forest_clump_large,
          infiniplex_forest_lined_3, infiniplex_forest_end_2,
          infiniplex_forest_clump_long, infiniplex_forest_end_2,
          infiniplex_forest_zigzag_2
D:2:      layout_basic
D:3:      layout_rooms, zin_academy, serial_shops,
          nicolae_shop_getting_attention, shop, shop, uniq_ijyb
D:4:      layout_rooms, nicolae_uskayaw_murder_on_the_dancefloor,
          gammafunk_ghost_smash
D:5:      minmay_polygon_palace, layout_loops_ring,
          mainiacjoe_overflow_chevrons, uniq_sigmund, uniq_duvessa,
          uniq_prince_ribbit1

Skill      XL: |  1  2  3  4  5  6  7 |
---------------+----------------------+-----
Spellcasting   | 2 3 |  3.0
Earth Magic    | 3 4 5 |  5.0
Fighting       | 2 4 7 |  7.0
Maces & Flails | 2 |  2.5
Dodging        | |  1.7
Stealth        | |  1.7
Transmutations | |  0.8

Action                     |  1- 3 |  4- 6 |  7- 9 || total
---------------------------+-------+-------+-------++-------
  Melee: Unarmed           |    20 |     1 |       ||    21
         Dire flail        |       |    19 |    10 ||    29
   Cast: Sandblast         |    69 |    74 |    68 ||   211
    Use: Scroll            |       |     8 |     2 ||    10
         Potion            |       |       |     3 ||     3
 Armour: Robe              |    18 |    23 |       ||    41
         Ring mail         |       |    12 |    80 ||    92
  Dodge: Dodged            |    26 |    31 |    43 ||   100

Table legend: (Time is in decaauts)
 A = Elapsed time spent in this place.
 B = Non-inter-level travel time spent in this place.
 C = Inter-level travel time spent in this place.
 D = Time resting spent in this place.
 E = Time spent auto-exploring this place.
 F = Levels seen in this place.
 G = Mean time per level.
                   A        B        C        D        E       F      G
               +--------+--------+--------+--------+--------+-----+--------+
         Total |   4429 |   4303 |    126 |     69 |   3522 |   5 |  885.8 |
       Dungeon |   4429 |   4303 |    126 |     69 |   3522 |   5 |  885.8 |
               +--------+--------+--------+--------+--------+-----+--------+

Top non-repeatable levels by time:
     D:1: 1484 daAuts
     D:2: 1039 daAuts
     D:5: 699 daAuts
     D:4: 606 daAuts
     D:3: 600 daAuts
